 Dungeon Sprint DCSS version 0.21.0-3-g78d12a8bdd (webtiles) character file.

8962 Quolop the Peltast (level 11, -1/108 HPs)
             Began as a Minotaur Fighter on Jan 11, 2018.
             Was the Champion of Makhleb.
             Slain by Sonja
             ... wielding a +1 short sword of distortion
              (23 damage)
             ... in the Dungeon (Sprint IX: "|||||||||||||||||||||||||||||").
             The game lasted 00:03:06 (1128 turns).

Quolop the Peltast (Minotaur Fighter)               Turns: 1128, Time: 00:03:07

Health: -1/108     AC: 16    Str: 23    XL:     11   Next: 16%
Magic:  10/10      EV: 16    Int:  5    God:    Makhleb [******]
Gold:   20         SH: 15    Dex: 11    Spells: 10/10 levels left

rFire    . . .     SeeInvis .   a - +0 long sword
rCold    . . .     Gourm    .   c - +0 shield
rNeg     . . .     Faith    .   q - +1 chain mail
rPois    .         Spirit   .   (helmet restricted)
rElec    .         Reflect  .   (no cloak)
rCorr    .         Harm     .   p - +0 pair of gloves
MR       .....     NoTele   +   (no boots)
Stlth    ..........             (no amulet)
HPRegen  0.28/turn              r - +2 ring of evasion
MPRegen  0.12/turn              s - +2 ring of evasion

@: very slightly contaminated, slowed, invisible, very slow
A: retaliatory headbutt, horns 2
a: Minor Destruction, Lesser Servant of Makhleb, Major Destruction, Greater
Servant of Makhleb, Renounce Religion


You were in the Dungeon.
You worshipped Makhleb.
Makhleb was exalted by your worship.
You were very hungry.

You visited 1 branch You collected 20 gold pieces.

Inventory:

Hand Weapons
 a - a +0 long sword (weapon)
 o - a +2 scimitar of holy wrath
Armour
 c - a +0 shield (worn)
 p - a +0 pair of gloves (worn)
 q - a +1 chain mail (worn)
Jewellery
 r - a +2 ring of evasion (left hand)
 s - a +2 ring of evasion (right hand)
Wands
 n - a wand of acid (7)
Scrolls
 d - a scroll of immolation
 k - 2 scrolls of blinking
 l - 4 scrolls of remove curse
 m - 2 scrolls of amnesia
 u - 3 scrolls of identify
 v - 2 scrolls of enchant armour
 w - 2 scrolls of enchant weapon
Potions
 e - 5 potions of curing
 i - 4 potions of magic
 t - a potion of brilliance
Comestibles
 f - 11 rations


   Skills:
 + Level 13.7 Fighting
 + Level 16.1 Long Blades
 + Level 15.5 Armour
 + Level 6.9 Dodging
 + Level 17.0 Shields


You had 10 spell levels left.
You didn't know any spells.

Dungeon Overview and Level Annotations

Branches:
Dungeon (1/1)

Altars:
Cheibriados
Dithmenos
Elyvilon
Fedhas
Gozag
Hepliaklqana
Kikubaaqudgha
Makhleb
Nemelex Xobeh
Okawaru
Qazlal
Ru
Sif Muna
Trog
Uskayaw
Vehumet
Wu Jian
Xom
Yredelemnul
Zin
The Shining One
Beogh
Jiyva
Lugonu

Annotations:
D Maurice, Sonja


Innate Abilities, Weirdness & Mutations

You reflexively headbutt those who attack you in melee.
You have a pair of horns on your head.


Message History

You block Sonja's attack. Sonja completely misses you.
You block Sonja's attack.
Maurice casts a spell.
Maurice puts on a burst of speed!
You block Sonja's attack. Sonja misses you. Sonja closely misses you.
You are very lightly contaminated with residual magic.
Evoke which item? (* to show all) (? for menu, Esc to quit)
Okay, then.
Evoke which item? (* to show all) (? for menu, Esc to quit)
Aiming: Corrosive Bolt
Press: ? - help, Shift-Dir - straight line, f/p - Sonja
Aim: Sonja, wielding a short sword of distortion The bolt of acid hits Sonja.
Sonja is splashed with acid.
Sonja is severely wounded.
The bolt of acid misses Maurice.
Sonja closely misses you. x2
You block Sonja's attack.
Sonja hits you with an uncursed short sword of distortion.
* * * LOW HITPOINT WARNING * * *
Space warps horribly around you!
You die...

▓_▓.▓.▓
▓_▓.▓.▓.▓
▓_▓.▓.▓.▓
▓_▓.▓.▓.▓
▓_▓.▓.▓@▓
▓_▓.▓.▓.▓
▓_▓.▓†▓.▓
▓_▓.▓†▓K▓
▓_▓.▓.▓@▓
▓_▓.▓.▓(▓
▓_▓.▓.▓(▓
▓_▓.▓.▓.▓
▓_▓.▓.▓(▓
▓_▓.▓.▓.▓
▓_▓.▓.▓.▓
▓_▓.▓.▓.▓
▓'▓.▓'▓.▓


You could see Maurice and Sonja.

Vanquished Creatures
  Josephine (D)
  A hydra (D)
  2 centaur warriors (D)
  3 lindwurms (D)
  An elephant (D)
  2 spiny frogs (D)
  3 rime drakes (D)
  2 komodo dragons (D)
  A tyrant leech (D)
  2 blink frogs (D)
  A tarantella (shapeshifter) (D)
  5 wraiths (D)
  A yak (D)
  3 water moccasins (D)
  2 porcupines (D)
  An orc warrior (D)
  An ogre (D)
  3 bullfrogs (D)
  2 killer bees (D)
  A crimson imp (D)
  An orc priest (D)
  A worker ant (D)
  4 worms (D)
  A dart slug (D)
  A ball python (D)
  2 goblins (D)
  3 quokkas (D)
  A bat (D)
  A quokka skeleton (D)
53 creatures vanquished.

Notes
Turn   | Place    | Note
-------+----------+-------------------------------------------
     0 | D        | Quolop the Minotaur Fighter began the quest for the Orb.
     0 | D        | Reached XP level 1. HP: 19/19 MP: 0/0
     8 | D        | Reached skill level 4 in Shields
    17 | D        | Noticed a worker ant
    17 | D        | Noticed a crimson imp
    17 | D        | Noticed a water moccasin
    17 | D        | Noticed an orc priest
    23 | D        | Killed a worker ant
    23 | D        | Reached skill level 5 in Fighting
    23 | D        | Reached skill level 5 in Armour
    23 | D        | Reached skill level 5 in Shields
    23 | D        | Reached XP level 2. HP: 29/29 MP: 1/1
    23 | D        | Reached XP level 3. HP: 36/36 MP: 2/2
    40 | D        | Killed a water moccasin
    40 | D        | Reached skill level 7 in Shields
    40 | D        | Reached XP level 4. HP: 13/45 MP: 3/3
    42 | D        | Reached skill level 5 in Long Blades
    42 | D        | Reached skill level 1 in Dodging
    42 | D        | Reached skill level 8 in Shields
    42 | D        | Reached XP level 5. HP: 15/52 MP: 4/4
    54 | D        | Found a roughly hewn altar of Beogh.
    54 | D        | Found a snail-covered altar of Cheibriados.
    54 | D        | Found a shadowy altar of Dithmenos.
    54 | D        | Found a white marble altar of Elyvilon.
    54 | D        | Found a blossoming altar of Fedhas.
    54 | D        | Found an opulent altar of Gozag.
    55 | D        | Found a hazy altar of Hepliaklqana.
    56 | D        | Found a viscous altar of Jiyva.
    57 | D        | Found an ancient bone altar of Kikubaaqudgha.
    58 | D        | Found a corrupted altar of Lugonu.
    59 | D        | Found a burning altar of Makhleb.
    60 | D        | Found a sparkling altar of Nemelex Xobeh.
    61 | D        | Found an iron altar of Okawaru.
    62 | D        | Found a stormy altar of Qazlal.
    63 | D        | Found a sacrificial altar of Ru.
    64 | D        | Found a deep blue altar of Sif Muna.
    65 | D        | Found a bloodstained altar of Trog.
    66 | D        | Found a hide-covered altar of Uskayaw.
    67 | D        | Became a worshipper of Makhleb the Destroyer
    68 | D        | Found a radiant altar of Vehumet.
    69 | D        | Found an ornate altar of the Wu Jian Council.
    70 | D        | Found a shimmering altar of Xom.
    71 | D        | Found a basalt altar of Yredelemnul.
    72 | D        | Found a glowing silver altar of Zin.
    73 | D        | Found a glowing golden altar of the Shining One.
   323 | D        | Noticed a yak
   326 | D        | Killed a yak
   326 | D        | Reached skill level 10 in Shields
   326 | D        | Reached XP level 6. HP: 62/62 MP: 5/5
   329 | D        | Reached * piety under Makhleb
   344 | D        | Reached ** piety under Makhleb
   352 | D        | Noticed a centaur warrior
   352 | D        | Noticed an orc warrior
   352 | D        | Noticed a centaur warrior
   352 | D        | Noticed a wraith
   352 | D        | Noticed a yaktaur
   362 | D        | Noticed a tarantella
   362 | D        | a yaktaur changed into a tarantella
   372 | D        | Killed a centaur warrior
   372 | D        | Reached skill level 10 in Long Blades
   372 | D        | Reached skill level 12 in Shields
   372 | D        | Reached XP level 7. HP: 40/71 MP: 6/6
   372 | D        | Reached XP level 8. HP: 44/79 MP: 7/7
   385 | D        | Killed a centaur warrior
   385 | D        | Reached skill level 10 in Fighting
   385 | D        | Reached skill level 13 in Shields
   396 | D        | Reached *** piety under Makhleb
   404 | D        | Reached XP level 9. HP: 39/86 MP: 8/8
   654 | D        | Noticed a komodo dragon
   654 | D        | Noticed a spiny frog
   661 | D        | Killed a komodo dragon
   661 | D        | Reached skill level 14 in Shields
   674 | D        | Killed a spiny frog
   674 | D        | Reached **** piety under Makhleb
   678 | D        | Noticed a komodo dragon
   684 | D        | Reached skill level 5 in Dodging
   694 | D        | Reached ***** piety under Makhleb
   705 | D        | Killed a komodo dragon
   715 | D        | Noticed a four-headed hydra
   715 | D        | Noticed a rime drake
   715 | D        | Noticed an elephant
   715 | D        | Noticed a spiny frog
   715 | D        | Noticed a rime drake
   725 | D        | Killed a ten-headed hydra
   725 | D        | Reached skill level 15 in Shields
   725 | D        | Reached XP level 10. HP: 79/97 MP: 9/9
   735 | D        | Killed an elephant
   739 | D        | Killed a spiny frog
   747 | D        | Reached ****** piety under Makhleb
   760 | D        | Reached skill level 15 in Armour
   770 | D        | Noticed a lindwurm
   770 | D        | Noticed a lindwurm
   778 | D        | Noticed a lindwurm
   778 | D        | Killed a lindwurm
   778 | D        | Reached skill level 15 in Long Blades
   778 | D        | Reached skill level 16 in Shields
   787 | D        | Killed a lindwurm
   824 | D        | Killed a lindwurm
  1077 | D        | Noticed Josephine
  1083 | D        | Reached XP level 11. HP: 107/107 MP: 10/10
  1100 | D        | Killed Josephine
  1111 | D        | Reached skill level 17 in Shields
  1118 | D        | Noticed Sonja
  1123 | D        | Noticed Maurice
  1128 | D        | Slain by Sonja

Skill      XL: |  1  2  3  4  5  6  7  8  9 10 11 |
---------------+----------------------------------+-----
Fighting       | 5 6 7 8 9 10 11 13 | 13.7
Armour         | 5 7 9 11 12 14 15 | 15.5
Shields        | 5 7 8 10 12 13 15 16 17 | 17.0
Long Blades    | 3 4 5 6 10 11 13 15 16 | 16.1
Dodging        | 1 3 4 5 6 |  6.9

Action                   |  1- 3 |  4- 6 |  7- 9 | 10-12 || total
-------------------------+-------+-------+-------+-------++-------
Melee: Long sword        |    28 |    45 |    89 |   113 ||   275
       Headbutt          |     7 |     9 |    25 |    33 ||    74
Evoke: Wand              |       |       |       |     3 ||     3
  Use: Potion            |     2 |       |     3 |     3 ||     8
Armor: Scale mail        |     5 |       |       |       ||     5
       Chain mail        |       |    17 |    23 |    22 ||    62
Dodge: Dodged            |     6 |    14 |    38 |    32 ||    90
Block: Shield            |    20 |    26 |    45 |    47 ||   138
       Rpst.: Long sword |     2 |     2 |     8 |     3 ||    15
